 Dungeon Crawl Stone Soup version 0.20-a0-522-g0b37eee (webtiles) character file.

211 polly the Skirmisher (level 5, -2/72 HPs)
             Began as a Minotaur Berserker on Jan 26, 2017.
             Was a Believer of Trog.
             Succumbed to a big kobold's poison
             ... on level 6 of the Dungeon.
             The game lasted 00:04:18 (1142 turns).

polly the Skirmisher (Minotaur Berserker)           Turns: 1142, Time: 00:04:19

Health: -2/72      AC: 22    Str: 22    XL:     5   Next: 57%
Magic:  4/4        EV:  2    Int:  9    God:    Trog [**....]
Gold:   189        SH:  0    Dex: 13    Spells: 4/4 levels left

rFire    . . .     SeeInvis .   t - +0 falchion (curse)
rCold    . . .     Gourm    .   (armour currently unavailable)
rNeg     + + +     Faith    .   (no shield)
rPois    +         Spirit   .   (helmet currently unavailable)
rElec    .         Reflect  .   (cloak currently unavailable)
rCorr    .         Harm     .   (gloves currently unavailable)
MR       .....     NoTele   +   (boots currently unavailable)
Stlth    +.........             (no amulet)
Regen    0.3/turn               o - ring of loudness (curse)
                                g - -2 ring of dexterity (curse)

@: brilliant, agile, lethally poisoned (-2 -> -43), tree-form, very slightly
contaminated, hasted, very quick
A: (retaliatory headbutt), (horns 0)
a: Berserk, Trog's Hand, Burn Spellbooks, Renounce Religion


You were on level 6 of the Dungeon.
You worshipped Trog.
Trog was pleased with you.
You were not hungry.
You were a tree.
You visited 1 branch of the dungeon, and saw 4 of its levels.

You collected 189 gold pieces.

Inventory:

Hand Weapons
 a - a +0 short sword
 t - a cursed +0 falchion (weapon)
Armour
 b - a +0 animal skin
 f - a +0 ring mail
 m - a cursed +0 pair of gloves (melded)
 r - a +0 chain mail (melded)
Jewellery
 g - a cursed -2 ring of dexterity (left branch)
 o - a cursed ring of loudness (right branch)
Scrolls
 d - a scroll of enchant weapon
 h - 3 scrolls of identify
 i - a scroll of fear {unknown}
 l - a scroll of teleportation
 u - a scroll of blinking {unknown}
 w - a scroll of immolation {unknown}
Potions
 e - a potion of mutation
 j - a potion of brilliance
 k - a potion of curing {unknown}
 n - a potion of lignification
 q - a potion of ambrosia {unknown}
 v - a potion of berserk rage {unknown}
 A - a potion of flight {unknown}
Comestibles
 c - 2 bread rations
 p - 4 fruits
 x - a royal jelly


   Skills:
 * Level 5.3 Fighting
 - Level 3.8(4.3) Short Blades
 * Level 3.0(4.1) Long Blades
 + Level 3.3 Armour
 + Level 3.2 Dodging


You had 4 spell levels left.
You didn't know any spells.

Dungeon Overview and Level Annotations

Branches:
Dungeon (3/15)

Altars:


Innate Abilities, Weirdness & Mutations

((You reflexively headbutt those who attack you in melee.))
((You have a pair of horns on your head.))


Message History

Your +0 chain mail melds into your body.
Your roots penetrate the ground.
* * * LOW HITPOINT WARNING * * *
You feel very sick.
The big kobold hits you but does no damage.
It was a potion of haste.
You feel yourself speed up.
* * * LOW HITPOINT WARNING * * *
You feel very sick.
The big kobold hits you but does no damage.
You are more poisoned.
You are very lightly contaminated with residual magic.
You slash the big kobold!
You kill the big kobold!
Trog accepts your kill.
Your base Long Blades skill increases to level 3!
* * * LOW HITPOINT WARNING * * *
You feel very sick.
It was a potion of agility.
You feel agile all of a sudden.
You die...

.. ##.
#.. ##..
#..##
#..#
#))##
#♣.# #..#
#..# #..#
# #..##
#≈##..#
#≈≈#..##
##≈≈##..#
#.#
#≈≈≈≈#..#
#.#


There were no monsters in sight!

Vanquished Creatures
  2 big kobolds (D:6)
  2 adders (D:3)
  A dart slug (D:1)
  3 leopard geckos
  An orc (D:3)
  3 ball pythons (D:3)
  7 bats
  A giant cockroach (D:3)
  7 hobgoblins
  13 kobolds
  8 frilled lizards
  6 goblins
  A rat (D:1)
55 creatures vanquished.

Notes
Turn   | Place    | Note
-------+----------+-------------------------------------------
     0 | D:1      | polly the Minotaur Berserker began the quest for the Orb.
     0 | D:1      | Reached XP level 1. HP: 19/19 MP: 0/0
   157 | D:1      | Reached XP level 2. HP: 27/27 MP: 1/1
   246 | D:1      | Reached skill level 4 in Fighting
   399 | D:1      | You fall through a shaft!
   412 | D:1      | Reached ** piety under Trog
   668 | D:2      | You fall through a shaft!
   672 | D:3      | Reached XP level 3. HP: 28/33 MP: 2/2
   905 | D:3      | Reached XP level 4. HP: 35/41 MP: 3/3
  1047 | D:3      | You fall through a shaft for 3 floors!
  1097 | D:6      | Reached skill level 1 in Long Blades
  1118 | D:6      | Noticed a big kobold
  1118 | D:6      | Noticed a big kobold
  1130 | D:6      | Killed a big kobold
  1130 | D:6      | Reached skill level 5 in Fighting
  1130 | D:6      | Reached XP level 5. HP: 38/48 MP: 4/4
  1141 | D:6      | HP: 1/72 [poisoned by a big kobold]
  1142 | D:6      | Succumbed to a big kobold's poison

Vault maps used:
D:1:      dpeg_arrival_windows_large_door
D:2:      first_bread, hangedman_abyss_or_decor_stabs,
          nicolae_gozag_zags_fifth_avenue
D:3:      minmay_randomly_rotated_circles
D:6:      cheibrodos_thug_alley, lemuel_crystal_altar, kennysheep_mini

Skill      XL: |  1  2  3  4  5 |
---------------+----------------+-----
Fighting       | 4 5 |  5.3
Long Blades    | 2 3 |  3.0
Armour         | 3 |  3.3
Dodging        | 3 |  3.2
Short Blades   | |  3.8

Action                   |  1- 3 |  4- 6 || total
-------------------------+-------+-------++-------
Melee: Short sword       |    59 |       ||    59
       Headbutt          |    11 |     6 ||    17
       Falchion          |    45 |    44 ||    89
  Use: Scroll            |     4 |       ||     4
       Potion            |       |     4 ||     4
  Eat: Chunk             |       |     1 ||     1
Armor: Ring mail         |    18 |       ||    18
       Chain mail        |    48 |    33 ||    81
       Skin              |       |     2 ||     2
Dodge: Dodged            |    61 |    24 ||    85
       Rpst.: Falchion   |     6 |     9 ||    15
